 Dungeon Crawl Stone Soup version 0.21.0-3-g78d12a8 (webtiles) character file.

251 DogShitOnMyToe the Cudgeler (level 6, -10/38 HPs)
             Began as a Gargoyle Gladiator on Jan 12, 2018.
             Mangled by an ogre
             ... wielding a +0 giant club
              (22 damage)
             ... on level 4 of the Dungeon.
             The game lasted 00:05:28 (2837 turns).

DogShitOnMyToe the Cudgeler (Gargoyle Gladiator)    Turns: 2837, Time: 00:05:28

Health: -10/38     AC: 14    Str: 19    XL:     6   Next: 13%
Magic:  6/6        EV:  8    Int:  8    God:
Gold:   111        SH:  0    Dex: 12    Spells: 5/5 levels left

rFire    . . .     SeeInvis .   a - +0 flail
rCold    . . .     Gourm    .   (no shield)
rNeg     + . .     Faith    .   m - +0 chain mail
rPois    ∞         Spirit   .   c - +0 helmet
rElec    +         Reflect  .   s - +0 cloak
rCorr    .         Harm     .   (no gloves)
MR       .....                  (no boots)
Stlth    ..........             (no amulet)
HPRegen  0.12/turn              (no ring)
MPRegen  0.10/turn              (no ring)

@: no status effects
A: negative energy resistance 1, electricity resistance, unbreathing,
petrification resistance, rot immunity, AC +4
a: no special abilities


You were on level 4 of the Dungeon.
You were hungry.

You visited 1 branch of the dungeon, and saw 4 of its levels.

You collected 111 gold pieces.

Inventory:

Hand Weapons
 a - a +0 flail (weapon)
Armour
 c - a +0 helmet (worn)
 i - a +0 shield
 m - a +0 chain mail (worn)
 s - a +0 cloak (worn)
 v - a +0 plate armour
Scrolls
 b - a scroll of fog {unknown}
 h - a scroll of remove curse {unknown}
 j - a scroll of enchant weapon {unknown}
 n - a scroll of blinking {unknown}
 p - 2 scrolls of teleportation {unknown}
 q - 4 scrolls of identify {unknown}
 u - a scroll of amnesia {unknown}
Potions
 e - 2 potions of brilliance {unknown}
 g - 3 potions of curing {unknown}
 k - a potion of agility {unknown}
 l - a potion of haste {unknown}
 o - 2 potions of heal wounds {unknown}
 r - a potion of berserk rage {unknown}
 t - a potion of degeneration {unknown}
 w - a potion of flight {unknown}
Comestibles
 f - 8 rations


   Skills:
 - Level 3.6 Fighting
 + Level 4.7 Maces & Flails
 - Level 3.0 Throwing
 - Level 3.2 Dodging


You had 5 spell levels left.
You didn't know any spells.

Dungeon Overview and Level Annotations

Branches:
Dungeon (4/15)
 Temple: D:4-7

Altars:
Elyvilon
Fedhas
Gozag
Trog
Xom


Innate Abilities, Weirdness & Mutations

You are resistant to torment.
Your stone body is resilient. (AC +4)
You are immune to poison.
You resist negative energy. (rN+)
You are resistant to electric shocks. (rElec)
You can survive without breathing.
You are immune to petrification.
You are immune to rotting.


Message History

Throwing (i - inventory):
d - 3 throwing nets (quivered)
Press: ? - help, Shift-Dir - straight line, f - ogre
Aim: an ogre, wielding a giant club (lightly wounded)
You throw a throwing net.
The throwing net barely misses the ogre.
Throwing (i - inventory):
d - 2 throwing nets (quivered)
Press: ? - help, Shift-Dir - straight line, f/p - ogre
Aim: an ogre, wielding a giant club (lightly wounded)
You throw a throwing net.
The throwing net barely misses the ogre.
The ogre hits you with a giant club.
* * * LOW HITPOINT WARNING * * *
Throwing (i - inventory):
d - a throwing net (quivered)
Press: ? - help, Shift-Dir - straight line, f/p - ogre
Aim: an ogre, wielding a giant club (lightly wounded)
You throw a throwing net.
The throwing net completely misses the ogre.
The ogre hits you with a giant club!!
Ouch! That really hurt!
You die...

............. #####...#####.#####
..#......# #.# .##.#.#.....###.#
#.##.#.##........##
#.##.#............#
#.##.#..####.####.#
#.##O#..##.....##.##
#.#.#@..#.......#..#
########..#.#..#.......#..###
#####........#.#......._.........
......##.###..##...#.......#..###
########.###.##....#.......#..#
########.##.##<....##.....##..#
.............#.....####.####.##
########.###.................#
#.# ###...........#####


You could see an ogre.

Vanquished Creatures
  A hound (D:4)
  An orc priest (D:3)
  Jessica (D:3)
  2 worker ants
  An adder (D:2)
  3 worms
  2 dart slugs (D:2)
  4 leopard geckos
  3 orcs (D:3)
  7 giant cockroaches
  13 goblins
  10 hobgoblins
  6 jackals (D:1)
  6 kobolds
  3 quokkas
  A ball python (D:4)
  7 bats
  6 frilled lizards
  A leopard gecko skeleton (D:4)
  5 rats
83 creatures vanquished.

Notes
Turn   | Place    | Note
-------+----------+-------------------------------------------
     0 | D:1      | DogShitOnMyToe the Gargoyle Gladiator began the quest for the Orb.
     0 | D:1      | Reached XP level 1. HP: 12/12 MP: 1/1
   199 | D:1      | Reached skill level 2 in Throwing
   199 | D:1      | Reached XP level 2. HP: 18/18 MP: 2/2
   330 | D:1      | Found a blossoming altar of Fedhas.
   332 | D:1      | Found a shimmering altar of Xom.
   332 | D:1      | Found a shimmering altar of Xom.
   335 | D:1      | Found a shimmering altar of Xom.
   335 | D:1      | Found a shadowy altar of Dithmenos.
   335 | D:1      | Found an ancient bone altar of Kikubaaqudgha.
   513 | D:1      | Reached XP level 3. HP: 19/22 MP: 3/3
  1116 | D:2      | Found a blossoming altar of Fedhas.
  1185 | D:2      | Reached skill level 3 in Fighting
  1212 | D:2      | Reached XP level 4. HP: 25/28 MP: 4/4
  1242 | D:2      | HP: 13/28 [worm (8)]
  1772 | D:3      | Found a shimmering altar of Xom.
  1772 | D:3      | Found an opulent altar of Gozag.
  1823 | D:3      | Noticed Jessica
  1833 | D:3      | Killed Jessica
  1833 | D:3      | Reached skill level 3 in Dodging
  1893 | D:3      | Reached XP level 5. HP: 30/32 MP: 5/5
  2024 | D:3      | Reached skill level 4 in Maces & Flails
  2238 | D:3      | Reached skill level 3 in Throwing
  2490 | D:4      | Reached XP level 6. HP: 36/38 MP: 6/6
  2599 | D:4      | Found a white marble altar of Elyvilon.
  2693 | D:4      | Found a bloodstained altar of Trog.
  2832 | D:4      | HP: 15/38 [ogre/giant club (8)]
  2837 | D:4      | Mangled by an ogre

Skill      XL: |  1  2  3  4  5 |
---------------+----------------+-----
Throwing       | 2 3 |  3.0
Fighting       | 3 |  3.6
Dodging        | 3 |  3.2
Maces & Flails | 4 |  4.7

Action                   |  1- 3 |  4- 6 || total
-------------------------+-------+-------++-------
Melee: Flail             |   131 |   144 ||   275
Throw: Throwing net      |       |     3 ||     3
  Eat: Chunk             |     1 |     5 ||     6
Armor: Leather armour    |    12 |       ||    12
       Ring mail         |    47 |    12 ||    59
       Chain mail        |       |    84 ||    84
Dodge: Dodged            |    93 |    89 ||   182
